 Dungeon Crawl Stone Soup version 0.29.1-15-g9cfb28693d (webtiles) character file.

Game seed: 10380045129171108305

81368 LustLizard the Nimble (level 15, -1/117 HPs)
             Began as a Gnoll Wanderer on Mar 11, 2023.
             Was a High Priest of Nemelex Xobeh.
             Slain by a ghost moth (4 damage)
             ... on level 2 of the Abyss.
             The game lasted 01:30:00 (28542 turns).

LustLizard the Nimble (Gnoll Wanderer)             Turns: 28542, Time: 01:30:01

Health: -1/117     AC: 25    Str: 13 (14) XL:     15   Next: 70%
Magic:  0/30       EV: 14    Int: 17 (18) God:    Nemelex Xobeh [*****.]
Gold:   1523       SH:  0    Dex: 12 (15) Spells: 21/36 levels left

rFire   . . .      SeeInvis .   X - +9 longbow (flame)
rCold   . . .      Faith    .   (shield currently unavailable)
rNeg    + . .      Spirit   .   m - +1 chain mail of Words of Power {+Blink Int+7}
rPois   .          Reflect  .   a - +2 helmet "Sohull" {rN+}
rElec   .          Harm     .   U - +1 cloak
rCorr   .          Rampage  .   b - +2 pair of gloves
Will    +....      Rage     9%  f - +1 pair of boots of the Cobbler {Dex+2}
Stlth   +.........              I - amulet of regeneration
HPRegen 1.09/turn               g - +4 ring of protection
MPRegen 0.22/turn               s - +4 ring of evasion

@: studying Staves
A: fangs 1, strong nose, distributed training, [berserk 2], [clumsy 1],
[deformed body], [dopey 1]
a: Renounce Religion, Evoke Blink, Draw Escape, Draw Destruction, Draw
Summoning, Triple Draw, Deal Four, Stack Five


You were on level 2 of the Abyss.
You worshipped Nemelex Xobeh.
Nemelex Xobeh was extremely pleased with you.
You visited 4 branches of the dungeon, and saw 21 of its levels.
You visited the Abyss 1 time.
You also visited: Gauntlet and Volcano.

You collected 2211 gold pieces.
You spent 688 gold pieces at shops.

Inventory:

Hand Weapons
 W - a +6 shortbow of venom
 X - a +9 longbow of flaming (weapon)
Missiles
 t - 8 atropa-tipped darts
 y - 39 poisoned darts
 P - 2 throwing nets
Armour
 a - the +2 helmet "Sohull" (worn) {rN+}
   (You found it in a Gauntlet)

   rN:        It protects you from negative energy.
 b - a +2 pair of gloves (worn)
 f - the +1 pair of boots of the Cobbler (worn) {Dex+2}
   (You found it in a Gauntlet)

   Dex:       It affects your dexterity (+2).
 m - the +1 chain mail of Words of Power (worn) {+Blink Int+7}
   (You found it on level 2 of the Dungeon)

   Int:       It affects your intelligence (+7).
   +Blink:    It lets you blink.
 R - the +0 leather armour of the New World {rElec rC++ Stlth+}
   (You found it on level 5 of the Lair of Beasts)

   rC:        It greatly protects you from cold.
   rElec:     It insulates you from electricity.
   Stlth:     It makes you more stealthy.
 U - a +1 cloak (worn)
 Y - the +3 salamander hide armour {Flames rF++ rC--}
   (You found it in a Gauntlet)

   It surrounds you with a cloud of flames.
   It grants immunity to clouds of flame.
   It enhances your fire magic.
   rF:        It greatly protects you from fire.
   rC:        It makes you very vulnerable to cold.
Jewellery
 g - a +4 ring of protection (left hand)
 l - a +4 ring of slaying
 s - a +4 ring of evasion (right hand)
 A - the ring "Dexeatz" {rPois MP+9 Stlth+}
   (You bought it in a shop on level 2 of the Orcish Mines)

   [ring of magical power]

   rPois:     It protects you from poison.
   MP:        It affects your magic capacity (+9).
   Stlth:     It makes you more stealthy.
 I - an amulet of regeneration (around neck)
Wands
 d - a wand of mindburst (4)
 i - a wand of light (11)
 C - a wand of flame (58)
 G - a wand of roots (19)
 K - a wand of paralysis (8)
 T - a wand of digging (4)
 V - a wand of polymorph (10)
Scrolls
 c - 3 scrolls of fear
 h - 6 scrolls of poison
 k - 2 scrolls of immolation
 p - a scroll of silence {unknown}
 q - 6 scrolls of enchant armour
 r - 2 scrolls of acquirement {unknown}
 u - 2 scrolls of torment {unknown}
 x - a scroll of brand weapon
 B - a scroll of noise {unknown}
 F - 3 scrolls of summoning {unknown}
 J - a scroll of magic mapping
 L - 2 scrolls of butterflies {unknown}
 N - a scroll of amnesia
Potions
 e - 4 potions of lignification
 j - a potion of berserk rage
 n - 2 potions of magic
 o - a potion of invisibility
 v - 3 potions of might
 w - 3 potions of flight
 D - 2 potions of ambrosia
 H - a potion of resistance {unknown}
 M - a potion of brilliance
 O - 5 potions of haste
 Q - 2 potions of mutation
 S - 6 potions of cancellation
Miscellaneous
 Z - a phantom mirror (inert)


   Skills:
 + Level 10.6 Fighting
 + Level 10.6 Short Blades
 + Level 10.6 Long Blades
 + Level 10.6 Axes
 + Level 10.6 Maces & Flails
 + Level 10.6 Polearms
 + Level 11.1 Staves
 + Level 10.6 Ranged Weapons
 + Level 11.0 Throwing
 + Level 11.0 Armour
 + Level 14.6 Dodging
 + Level 10.6 Stealth
 + Level 10.6 Shields
 + Level 10.6 Unarmed Combat
 + Level 11.0 Spellcasting
 + Level 9.0 Conjurations
 + Level 9.0 Hexes
 + Level 9.0 Summonings
 + Level 9.0 Necromancy
 + Level 9.0 Translocations
 + Level 9.0 Transmutations
 + Level 9.0 Fire Magic
 + Level 9.0 Ice Magic
 + Level 9.0 Air Magic
 + Level 9.0 Earth Magic
 + Level 9.2 Poison Magic
 + Level 11.6 Invocations
 + Level 11.0 Evocations


You had 21 spell levels left.
You knew the following spells:

 Your Spells              Type           Power      Damage    Failure   Level
a - Sting                 Tmut/Pois      100%       1d8       2%          1
b - Foxfire               Conj/Fire      100%       2x1d9     3%          1
c - Inner Flame           Hex/Fire       40%        N/A       9%          3
d - Swiftness             Air            40%        N/A       9%          3
e - Summon Lightning Spi  Summ/Air       40%        N/A       28%         4
f - Tukima's Dance        Hex            40%        N/A       9%          3

Your spell library contained the following spells:

 Spells                   Type           Power      Damage    Failure   Level
 Magic Dart               Conj           100%       1d8       3%          1
 Shock                    Conj/Air       100%       1d9       3%          1
 Summon Small Mammal      Summ           100%       N/A       3%          1
 Ensorcelled Hibernation  Hex/Ice        80%        N/A       4%          2
 Passwall                 Tmut/Erth      33%        N/A       4%          2
 Searing Ray              Conj           80%        2d7       4%          2
 Static Discharge         Conj/Air       40%        3-8/arc   4%          2
 Call Canine Familiar     Summ           40%        N/A       9%          3
 Confusing Touch          Hex            40%        N/A       9%          3
 Conjure Flame            Conj/Fire      40%        6-21      9%          3
 Dazzling Flash           Conj/Hex       80%        N/A       9%          3
 Gell's Gravitas          Tloc           40%        N/A       9%          3
 Lesser Beckoning         Tloc           40%        N/A       9%          3
 Portal Projectile        Hex/Tloc       80%        N/A       9%          3
 Spider Form              Tmut/Pois      40%        N/A       9%          3
 Summon Guardian Golem    Hex/Summ       40%        N/A       9%          3
 Teleport Other           Tloc           40%        N/A       9%          3
 Airstrike                Air            20%        2d(3-19)  28%         4
 Cause Fear               Hex            20%        N/A       28%         4
 Dispel Undead            Necr           40%        3d16      28%         4
 Flame Wave               Conj/Fire      40%        2d11      28%         4
 Fulminant Prism          Conj/Hex       20%        3d13      28%         4
 Sticky Flame             Conj/Fire      40%        2d6       28%         4
 Agony                    Necr           40%        N/A       63%         5
 Blade Hands              Tmut           20%        N/A       63%         5
 Silence                  Hex/Air        20%        N/A       63%         5
 Yara's Violent Unravell  Hex/Tmut       20%        3d9       63%         5
 Dragon Form              Tmut           20%        N/A       100%        7
 Enfeeble                 Hex            20%        N/A       100%        7
 Storm Form               Tmut/Air       20%        N/A       100%        7
 Discord                  Hex            20%        N/A       100%        8
 Maxwell's Capacitive Co  Air            20%        ∞         100%        8
 Dragon's Call            Summ           20%        N/A       100%        9


Dungeon Overview and Level Annotations

Branches:
Dungeon (13/15)            Temple (1/1) D:5            Lair (5/5) D:8
  Swamp (0/4) Lair:3        Snake (0/4) Lair:3        Slime (0/5) Lair:5
    Orc (2/2) D:10            Elf (0/3) Orc:2       Volcano (visited)
Gauntlet (visited)
 Vaults: D:13-14

Altars:
Ashenzari
Cheibriados
Dithmenos
Elyvilon
Fedhas
Gozag
Hepliaklqana
Kikubaaqudgha
Makhleb
Nemelex Xobeh
Okawaru
Qazlal
Ru
Sif Muna
Trog
Uskayaw
Vehumet
Wu Jian
Xom
Yredelemnul
Zin
The Shining One

Shops:
D:2 [([   D:4 (   Orc:1 [   Orc:2 (=*([

Annotations:
D:2 1 runed translucent door, Crazy Yiuf
D:9 1 runed translucent door
D:12 2 transporters
Lair:1 exclusion: hydra
Lair:2 exclusions: catoblepas and hydra


Innate Abilities, Weirdness & Mutations

You have very sharp teeth.
Your uncanny sense of smell can sniff out nearby items.
Your experience applies equally to all skills.
[You have an uncontrollable temper.]
[You are clumsy. (Dex -2)]
[Armour fits poorly on your strangely shaped body.]
[You are dopey. (Int -2)]


Message History

Something stings you but does no damage.
You clumsily bash something but do no damage.
You bite something.
Something hits you but does no damage. x2
Something stings you but does no damage.
Something hits you. Something hits you but does no damage.
Something barely misses you.
Unknown command.
You are too injured to fight recklessly!
You are too injured to fight recklessly!
Fire: X) +9 longbow (flame)
Press: ? - help, Shift-Dir - straight line, f - small abomination
Aim: a small abomination (76% to hit)
You shoot an arrow.
You feel you are being watched by something.
You feel your power leaking away.
Something hits you. x2; Something stings you.
* * * LOW HITPOINT WARNING * * *
You feel weakened.
Fire: X) +9 longbow (flame)
Press: ? - help, Shift-Dir - straight line, f/p - small abomination
Aim: a small abomination (76% to hit)
You shoot an arrow. Something hits you!
* * * LOW HITPOINT WARNING * * *
Something completely misses you. Something stings you!
* * * LOW HITPOINT WARNING * * *
You feel you are being watched by something.
Something hits you but does no damage. x2
Something stings you but does no damage.
Fire: X) +9 longbow (flame)
Press: ? - help, Shift-Dir - straight line, f/p - small abomination
Aim: a small abomination (76% to hit)
You shoot an arrow. The arrow hits the small abomination!
The arrow burns the small abomination.
The small abomination is heavily damaged.
You feel you are being watched by something.
Something hits you!
* * * LOW HITPOINT WARNING * * *
Something completely misses you. Something stings you.
You die...
Your body glows with a rainbow of weird colours and disappears.

# ##
#..#####.# ##
###..@.x# ..#
#..####.......
...#. #..
#....# # #
#.##. ......#
## .. ### #.
## .# # # ....
# ### ## ## .
.....#.#..
#.####..#. #.
# .#....###
##....#.# ##
.... #. .....#
# #


You could see a small abomination.

Vanquished Creatures
  3 tentacled starspawn (Abyss:2)
  Gastronok (D:8)
  Azrael (D:13)
  A minotaur (Gauntlet)
  3 vault guards (D:13)
  4 hydras
  A boulder beetle (D:13)
  3 two-headed ogres
  3 centaur warriors
  9 death yaks (Lair:1)
  2 tengu warriors (D:13)
  A deep elf knight (D:12)
  Amaemon (D:7)
  A deep elf archer (D:12)
  A bog body (Lair:3)
  A wizard (D:13)
  A deep elf pyromancer (D:13)
  A necromancer (D:13)
  An orc sorcerer (Volcano)
  An orc knight (Orc:2)
  Pikel (D:5)
  5 ugly things
  3 oklob plants (Lair:5)
  A cyclops (D:13)
  5 elephants
  A manticore (D:12)
  A worldbinder (Abyss:2)
  5 black mambas
  2 molten gargoyles (Volcano)
  A smoke demon (Volcano)
  Joseph (D:8)
  A gargoyle (D:11)
  13 cane toads
  A kobold demonologist (D:9)
  An unseen horror (D:10)
  A rime drake (Lair:2)
  A red devil (Volcano)
  6 komodo dragons
  A freezing wraith (Abyss:2)
  A wind drake (shapeshifter) (D:13)
  5 trolls
  2 polar bears
  A queen bee (Lair:5)
  3 tyrant leeches (Lair:5)
  6 dream sheep (Lair:4)
  30 blink frogs
  A shadow (D:12)
  5 wyverns
  Sigmund (D:5)
  A wraith (D:12)
  2 fire elementals (D:13)
  2 fire bats (Volcano)
  50 yaks
  14 humans (D:13)
  8 vampire mosquitoes
  A chaos spawn (Abyss:2)
  2 wargs
  2 acid dragons
  2 nagas (Lair:3)
  2 swamp worms (Lair:3)
  2 water moccasins
  A floating eye (Orc:2)
  3 hell hounds
  26 orc warriors
  7 starcursed masses (Abyss:2)
  An ice beast (D:7)
  2 sky beasts (D:8)
  3 black bears
  9 ogres
  4 boggarts (Lair:3)
  5 wolves (Lair:3)
  9 centaurs
  2 lemures (D:5)
  3 phantoms
  4 kobold brigands
  A gnoll sergeant (D:10)
  10 bullfrogs
  5 nameless horrors
  3 necrophages
  2 scorpions (D:5)
  A small abomination (Abyss:2)
  2 wights (D:6)
  6 killer bees (D:7)
  2 electric eels
  6 howler monkeys
  6 lava snakes (Volcano)
  A quasit (Abyss:2)
  2 jellies
  12 orc priests
  4 hounds
  2 gnoll boudas
  4 iguanas
  Ijyb (D:5)
  15 orc wizards
  9 adders
  23 gnolls
  3 shadow imps
  2 white imps
  2 ufetubi
  56 orcs
  3 ball pythons
  11 endoplasms
  A giant cockroach (D:1)
  6 goblins
  7 hobgoblins
  A jackal (Orc:2)
  4 quokkas
  4 bats
  3 frilled lizards
  23 kobolds
  4 rats
  A butterfly (Lair:5)
  A starspawn tentacle (Abyss:2)
562 creatures vanquished.

Vanquished Creatures (collateral kills)
  A dire elephant (Gauntlet)
  A two-headed ogre (D:11)
  A death yak (Lair:1)
  A thrashing horror (Abyss:2)
  A goliath frog (Lair:5)
  2 orc knights (Orc:2)
  An orc sorcerer (Orc:2)
  An elephant (Gauntlet)
  A cyclops (D:13)
  A black mamba (Lair:1)
  A smoke demon (Abyss:2)
  2 cane toads
  2 kobold demonologists (D:12)
  7 blink frogs
  A small abomination (Abyss:2)
  2 humans (D:13)
  A vampire mosquito (Lair:5)
  A warg (Orc:1)
  3 orc warriors (Orc:2)
  A quasit (Abyss:2)
  2 orc priests
  An orc wizard (Orc:2)
  12 orcs
47 creatures vanquished.

Vanquished Creatures (others)
  A hell hound (D:13)
  An orc wizard (D:8)
  2 kobolds (D:11)
  4 demonic plants (Gauntlet)
  1064 foxfires
  39 fungi
  93 plants
  7 starspawn tentacles (Abyss:2)
1211 creatures vanquished.

Grand Total: 1820 creatures vanquished

Notes
Turn   | Place    | Note
-------+----------+-------------------------------------------
     0 | D:1      | Reached skill level 10 in Dodging
     0 | D:1      | LustLizard the Gnoll Wanderer began the quest for the Orb.
     0 | D:1      | LustLizard set off with the following items: a +0 dagger, a
                  | potion of attraction, a scroll of fear, a +2 leather
                  | armour; and the following spell memorised: Sting; and the
                  | following spells available to memorise: Spider Form.
     0 | D:1      | Reached XP level 1. HP: 13/13 MP: 4/4
   202 | D:1      | Reached XP level 2. HP: 19/19 MP: 0/5
   998 | D:1      | Found a faded altar of an unknown god.
  1228 | D:2      | Found a runed translucent door.
  1229 | D:2      | Noticed Crazy Yiuf
  1373 | D:2      | Reached XP level 3. HP: 19/25 MP: 1/7
  1588 | D:2      | Reached skill level 1 in Invocations
  1641 | D:2      | Identified the +1 chain mail of Words of Power {+Blink
                  | Int+7}
  1797 | D:2      | Found Analadgh's Armour Emporium.
  1823 | D:2      | Reached skill level 1 in Fighting
  1823 | D:2      | Reached skill level 1 in Short Blades
  1823 | D:2      | Reached skill level 1 in Long Blades
  1823 | D:2      | Reached skill level 1 in Axes
  1823 | D:2      | Reached skill level 1 in Maces & Flails
  1823 | D:2      | Reached skill level 1 in Polearms
  1823 | D:2      | Reached skill level 1 in Staves
  1823 | D:2      | Reached skill level 1 in Ranged Weapons
  1823 | D:2      | Reached skill level 1 in Stealth
  1823 | D:2      | Reached skill level 1 in Shields
  1823 | D:2      | Reached skill level 1 in Unarmed Combat
  1855 | D:2      | Learned a level 1 spell: Foxfire
  2021 | D:2      | Reached XP level 4. HP: 32/32 MP: 4/8
  2180 | D:2      | Found Baavannall's Armour Shoppe.
  2353 | D:2      | Found Aschopoe's Weapon Boutique.
  3129 | D:3      | Found a shadowy altar of Dithmenos.
  3129 | D:3      | Found an ancient bone altar of Kikubaaqudgha.
  3312 | D:3      | Reached skill level 1 in Conjurations
  3312 | D:3      | Reached skill level 1 in Hexes
  3312 | D:3      | Reached skill level 1 in Summonings
  3312 | D:3      | Reached skill level 1 in Necromancy
  3312 | D:3      | Reached skill level 1 in Translocations
  3312 | D:3      | Reached skill level 1 in Transmutations
  3312 | D:3      | Reached skill level 1 in Fire Magic
  3312 | D:3      | Reached skill level 1 in Ice Magic
  3312 | D:3      | Reached skill level 1 in Air Magic
  3312 | D:3      | Reached skill level 1 in Earth Magic
  3408 | D:3      | Found a glowing silver altar of Zin.
  4074 | D:4      | Reached XP level 5. HP: 37/37 MP: 2/9
  4245 | D:4      | Noticed a phantom
  4406 | D:4      | Killed a phantom
  4407 | D:4      | Reached XP level 6. HP: 44/44 MP: 0/11
  4653 | D:4      | Found a shimmering blue altar of Sif Muna.
  4974 | D:4      | Reached XP level 7. HP: 51/51 MP: 1/12
  5065 | D:4      | Found Qimytz's Antique Weapon Emporium.
  5147 | D:5      | Entered Level 5 of the Dungeon
  5257 | D:5      | Found a staircase to the Ecumenical Temple.
  5267 | Temple   | Entered the Ecumenical Temple
  5456 | Temple   | Became a worshipper of Nemelex Xobeh the Trickster
  5497 | D:5      | Noticed a yak
  5606 | D:5      | Killed a yak
  6130 | D:5      | Reached XP level 8. HP: 52/58 MP: 0/14
  6456 | D:5      | Noticed Ijyb
  6458 | D:5      | Noticed a komodo dragon
  6691 | D:5      | Noticed a yak
  6692 | D:5      | Noticed a yak
  6692 | D:5      | Noticed a yak
  6692 | D:5      | Noticed a yak
  6692 | D:5      | Noticed Sigmund
  6692 | D:5      | Noticed a yak
  6756 | D:5      | Killed a yak
  6757 | D:5      | Reached skill level 11 in Dodging
  6836 | D:5      | Killed Sigmund
  6875 | D:5      | Paralysed by Ijyb for 4 turns
  6881 | D:5      | Paralysed by Ijyb for 3 turns
  6890 | D:5      | Killed Ijyb
  6998 | D:5      | Noticed a yak
  7037 | D:5      | Killed a komodo dragon
  7198 | D:5      | Killed a yak
  7199 | D:5      | Reached skill level 5 in Spellcasting
  7199 | D:5      | Reached XP level 9. HP: 58/65 MP: 11/16
  7225 | D:4      | Reached skill level 5 in Throwing
  7225 | D:4      | Reached skill level 5 in Armour
  7225 | D:4      | Reached skill level 5 in Evocations
  7394 | D:5      | Learned a level 3 spell: Inner Flame
  7434 | D:5      | Noticed Pikel
  7487 | D:5      | Killed Pikel
  7488 | D:5      | Reached skill level 5 in Invocations
  8273 | D:6      | You fall into a shaft and drop 1 floor!
  8446 | D:7      | Reached * piety under Nemelex Xobeh
  8570 | D:7      | Reached skill level 5 in Fighting
  8570 | D:7      | Reached skill level 5 in Short Blades
  8570 | D:7      | Reached skill level 5 in Long Blades
  8570 | D:7      | Reached skill level 5 in Axes
  8570 | D:7      | Reached skill level 5 in Maces & Flails
  8570 | D:7      | Reached skill level 5 in Polearms
  8570 | D:7      | Reached skill level 5 in Staves
  8570 | D:7      | Reached skill level 5 in Ranged Weapons
  8570 | D:7      | Reached skill level 5 in Stealth
  8570 | D:7      | Reached skill level 5 in Shields
  8570 | D:7      | Reached skill level 5 in Unarmed Combat
  8570 | D:7      | Reached XP level 10. HP: 70/74 MP: 18/18
  8885 | D:6      | Received a gift from Nemelex Xobeh
  8894 | D:6      | Found a snail-covered altar of Cheibriados.
  9541 | D:6      | Learned a level 3 spell: Swiftness
  9742 | D:6      | Noticed a two-headed ogre
  9941 | D:7      | Found a glowing silver altar of Zin.
 10010 | D:7      | Found a white marble altar of Elyvilon.
 10010 | D:7      | Found a shimmering altar of Xom.
 10012 | D:7      | Found a sparkling altar of Nemelex Xobeh.
 10012 | D:7      | Found a basalt altar of Yredelemnul.
 10012 | D:7      | Found a shadowy altar of Dithmenos.
 10255 | D:7      | Reached ** piety under Nemelex Xobeh
 10430 | D:8      | Reached skill level 5 in Poison Magic
 10638 | D:8      | Found a staircase to the Lair.
 10702 | D:8      | Noticed a two-headed ogre
 10727 | D:8      | Killed a two-headed ogre
 10886 | D:8      | Noticed Amaemon
 10888 | D:8      | Noticed an orange demon
 11033 | D:8      | Noticed Joseph
 11052 | D:8      | Killed Joseph
 11728 | D:6      | Killed a two-headed ogre
 11729 | D:6      | Reached skill level 12 in Dodging
 11729 | D:6      | Reached skill level 5 in Conjurations
 11729 | D:6      | Reached skill level 5 in Hexes
 11729 | D:6      | Reached skill level 5 in Summonings
 11729 | D:6      | Reached skill level 5 in Necromancy
 11729 | D:6      | Reached skill level 5 in Translocations
 11729 | D:6      | Reached skill level 5 in Transmutations
 11729 | D:6      | Reached skill level 5 in Fire Magic
 11729 | D:6      | Reached skill level 5 in Ice Magic
 11729 | D:6      | Reached skill level 5 in Air Magic
 11729 | D:6      | Reached skill level 5 in Earth Magic
 11729 | D:6      | Reached XP level 11. HP: 54/81 MP: 9/21
 11992 | D:7      | Killed Amaemon
 12266 | D:8      | Noticed Gastronok
 12303 | D:8      | HP: 1/81 [Gastronok (21)]
 12305 | D:8      | Killed Gastronok
 12914 | D:9      | Noticed a two-headed ogre
 12915 | D:9      | Noticed a two-headed ogre
 12921 | D:9      | Found a runed translucent door.
 12921 | D:9      | Noticed a two-headed ogre
 13881 | D:10     | Entered Level 10 of the Dungeon
 13961 | D:10     | Received a gift from Nemelex Xobeh
 14158 | D:10     | Reached *** piety under Nemelex Xobeh
 14524 | D:10     | Found a staircase to the Orcish Mines.
 14712 | D:10     | Found a white marble altar of Elyvilon.
 14963 | D:11     | Received a gift from Nemelex Xobeh
 14967 | D:11     | Noticed a two-headed ogre
 14974 | D:11     | Killed a two-headed ogre
 14975 | D:11     | Reached XP level 12. HP: 91/91 MP: 23/23
 15753 | D:11     | Received a gift from Nemelex Xobeh
 16101 | D:12     | Noticed a two-headed ogre
 16114 | D:12     | Killed a two-headed ogre
 16310 | D:12     | Noticed a deep elf knight
 16390 | D:12     | Found a transporter.
 16397 | D:12     | Found a gate leading to a gauntlet.
 16407 | Gauntlet | Entered a Gauntlet
 16407 | Gauntlet | Noticed a dire elephant
 16407 | Gauntlet | Found a transporter.
 16407 | Gauntlet | Found a transporter.
 16407 | Gauntlet | Found a transporter.
 16407 | Gauntlet | Found a transporter.
 16411 | Gauntlet | Found a transporter.
 16424 | Gauntlet | Found a transporter.
 16426 | Gauntlet | Found a transporter.
 16430 | Gauntlet | Found a transporter.
 16434 | Gauntlet | Found a transporter.
 16444 | Gauntlet | Found a transporter.
 16446 | Gauntlet | Found a transporter.
 16465 | Gauntlet | Found a transporter.
 16465 | Gauntlet | Noticed a death yak
 16465 | Gauntlet | Noticed a death yak
 16466 | Gauntlet | Noticed a death yak
 16467 | Gauntlet | Reached **** piety under Nemelex Xobeh
 16467 | Gauntlet | Noticed a death yak
 16467 | Gauntlet | Noticed a death yak
 16467 | Gauntlet | Noticed a death yak
 16677 | Gauntlet | Learned a level 4 spell: Summon Lightning Spire
 16690 | Gauntlet | Killed a dire elephant
 16714 | Gauntlet | Identified the +2 helmet "Sohull" {rN+}
 16745 | Gauntlet | Identified the +1 pair of boots of the Cobbler {Dex+2}
 16784 | Gauntlet | Noticed a minotaur
 16805 | Gauntlet | Killed a minotaur
 16809 | Gauntlet | Found the +3 salamander hide armour {Flames rF++ rC--}
 17263 | Lair:1   | Entered Level 1 of the Lair of Beasts
 17325 | Lair:1   | Noticed a death yak
 17342 | Lair:1   | Noticed a death yak
 17343 | Lair:1   | Noticed a death yak
 17343 | Lair:1   | Noticed a death yak
 17509 | Lair:1   | Noticed a death yak
 17513 | Lair:1   | Noticed a death yak
 17519 | Lair:1   | Noticed a death yak
 17657 | Lair:1   | Reached skill level 13 in Dodging
 17800 | Lair:1   | Killed a death yak
 17818 | Lair:1   | Killed a death yak
 17936 | Lair:1   | Noticed a four-headed hydra
 17975 | Lair:1   | Noticed a death yak
 17975 | Lair:1   | Noticed a death yak
 17977 | Lair:1   | Noticed a death yak
 18019 | Lair:1   | Reached XP level 13. HP: 85/98 MP: 20/25
 18963 | Lair:2   | Received a gift from Nemelex Xobeh
 19058 | Lair:2   | Reached ***** piety under Nemelex Xobeh
 19378 | Lair:2   | Received a gift from Nemelex Xobeh
 20174 | Lair:3   | Received a gift from Nemelex Xobeh
 20265 | Lair:3   | Found a staircase to the Snake Pit.
 20616 | Lair:3   | Received a gift from Nemelex Xobeh
 20912 | Lair:3   | Found a staircase to the Swamp.
 21222 | Lair:4   | Reached XP level 14. HP: 103/108 MP: 27/27
 21224 | Lair:4   | Reached skill level 10 in Invocations
 21300 | Lair:4   | Found a dark tunnel.
 21317 | Volcano  | Entered a volcano
 21392 | Volcano  | Received a gift from Nemelex Xobeh
 21617 | Volcano  | Found a radiant altar of Vehumet.
 22413 | Lair:4   | Received a gift from Nemelex Xobeh
 22848 | Lair:5   | Entered Level 5 of the Lair of Beasts
 22903 | Lair:5   | Reached skill level 10 in Spellcasting
 22930 | Lair:5   | Reached skill level 10 in Throwing
 22930 | Lair:5   | Reached skill level 10 in Armour
 22930 | Lair:5   | Reached skill level 10 in Evocations
 23229 | Lair:5   | Reached skill level 14 in Dodging
 23662 | Lair:5   | Received a gift from Nemelex Xobeh
 23896 | Lair:5   | Found a staircase to the Slime Pits.
 24158 | Lair:5   | Identified the +0 leather armour of the New World {rElec
                  | rC++ Stlth+}
 24790 | Orc:1    | Entered Level 1 of the Orcish Mines
 25199 | Orc:1    | Received a gift from Nemelex Xobeh
 25315 | Orc:2    | Entered Level 2 of the Orcish Mines
 25504 | Orc:2    | Noticed Nessos
 25720 | Orc:2    | Reached skill level 10 in Fighting
 25720 | Orc:2    | Reached skill level 10 in Short Blades
 25720 | Orc:2    | Reached skill level 10 in Long Blades
 25720 | Orc:2    | Reached skill level 10 in Axes
 25720 | Orc:2    | Reached skill level 10 in Maces & Flails
 25720 | Orc:2    | Reached skill level 10 in Polearms
 25720 | Orc:2    | Reached skill level 10 in Staves
 25720 | Orc:2    | Reached skill level 10 in Ranged Weapons
 25720 | Orc:2    | Reached skill level 10 in Stealth
 25720 | Orc:2    | Reached skill level 10 in Shields
 25720 | Orc:2    | Reached skill level 10 in Unarmed Combat
 25858 | Orc:2    | Noticed Nessos
 25858 | Orc:2    | Nessos changed into Nessos the floating eye
 25858 | Orc:2    | Killed Nessos the floating eye
 25957 | Orc:2    | Reached XP level 15. HP: 105/115 MP: 25/29
 26093 | Orc:2    | Found Cann's Antique Armour Emporium.
 26094 | Orc:2    | Received a gift from Nemelex Xobeh
 26310 | Orc:2    | Found a staircase to the Elven Halls.
 26414 | Orc:2    | Found Guaxenuw's Jewellery Emporium.
 26414 | Orc:2    | Found Cezudeiwk's Assorted Antiques.
 26416 | Orc:2    | Found Hituschey's Antique Weapon Boutique.
 26418 | Orc:2    | Found Agheenaf's Weapon Shoppe.
 26423 | Orc:2    | Bought a scroll labelled DOLOUDUSER for 25 gold pieces
 26432 | Orc:2    | Bought the ring "Dexeatz" {rPois MP+9 Stlth+} for 408 gold
                  | pieces
 26476 | Orc:2    | Bought a pair of glowing gloves for 255 gold pieces
 26582 | Orc:1    | Found Peec's Armour Shoppe.
 26808 | D:12     | Found a transporter.
 26810 | D:12     | Found the +1 cloak of Starlight {*Dazzle EV+4 Stlth--}
 26829 | D:12     | Found the +6 shillelagh "Devastator" {shatter}
 27296 | D:13     | Received a gift from Nemelex Xobeh
 27608 | D:13     | Noticed Azrael
 27623 | D:13     | Killed Azrael
 28130 | Abyss:2  | Cast into level 2 of the Abyss (a wizard)
 28150 | Abyss:2  | Learned a level 3 spell: Tukima's Dance
 28162 | Abyss:2  | Noticed a tentacled starspawn
 28188 | Abyss:2  | Killed a tentacled starspawn
 28189 | Abyss:2  | Received a gift from Nemelex Xobeh
 28217 | Abyss:2  | Reached ****** piety under Nemelex Xobeh
 28263 | Abyss:2  | Noticed a lich
 28269 | Abyss:2  | Identified the +0 hand axe of Fortitude {vorpal, Int+3}
 28357 | Abyss:2  | Noticed a tentacled starspawn
 28368 | Abyss:2  | Killed a tentacled starspawn
 28456 | Abyss:2  | Noticed a tentacled starspawn
 28467 | Abyss:2  | Killed a tentacled starspawn
 28542 | Abyss:2  | HP: 3/117 [something (16)]
 28542 | Abyss:2  | Slain by a ghost moth

Illustrated notes

Levels and vault maps discovered:
D:1:      lightli_arrival_boilingwater, layout_basic,
          dilly_ecumenical_altar_fadedgnrine
D:2:      wad_pebble_path, layout_basic, serial_shops,
          nicolae_shop_behind_doors, shop, nicolae_shop_statue_plus,
          uniq_crazy_yiuf_cottage
D:3:      layout_basic, jmf_multi_god_temple, zin_statuary
D:4:      layout_cave_pools, kennysheep_orc_sif_temple, serial_shops,
          nicolae_take_the_stairs, grunt_ministairs_15, kennysheep_path_1
D:5:      cheibrodos_fzero, layout_basic, temple_hall, serial_rivers,
          chequers_serial_rivers_room_b, chequers_serial_rivers_micro_d,
          chequers_serial_rivers_small_a, chequers_serial_rivers_micro_a,
          chequers_serial_rivers_micro_a, chequers_serial_rivers_small_a,
          chequers_serial_rivers_room_a, uniq_pikel, uniq_ijyb, uniq_sigmund
D:6:      layout_basic, cheibriados_altar_1, kennysheep_decorative_pillar,
          hangedman_minor_gate_pass
D:7:      layout_basic, doesnt_xom_only_xom
D:8:      layout_basic, david_lair_shrubbed, hangedman_glass_teeth, uniq_joseph,
          uniq_gastronok, uniq_amaemon
D:9:      layout_irregular_city, minmay_st_funbox
D:10:     layout_roguey, elyvilon_altar_3, erik_orc_3, minivault_26,
          lightli_orcish_oven
D:11:     layout_cave_pools
D:12:     gammafunk_worm_tunnel, layout_irregular_city, gauntlet_entry_generic,
          beargit_elvish_explorers
D:13:     layout_loops_ring, grunt_vaults_entry_tiered, uniq_azrael
Temple:   nicolae_temple_bog_church
Lair:1:   layout_misc_corridors, grunt_megastairs_1, lemuel_fruit_fields
Lair:2:   layout_layer_cave
Lair:3:   layout_chaotic_city, nicolae_swamp_entry_splash_gauntlet,
          guppyfry_snake_entry_island, kilobyte_rumbling_trees
Lair:4:   layout_small_grid, lightli_volcano_entry_magma_tube,
          lemuel_fruit_fields
Lair:5:   minmay_lair_end_frog_pond, layout_concentric_octagons,
          minmay_slime_entry_oklob_open, lemuel_fruit_fields,
          infiniplex_staircase_pool, lemuel_fruit_fields, serial_bayou_shore_b
Orc:1:    layout_diamond_mine, serial_shops, shop
Orc:2:    st_orc_rangers, layout_caves, serial_shops, nicolae_lakefront_shop,
          uniq_nessos
Abyss:2:  base: Orc:1, minivault_25_ag, hangedman_abyss_mock_shop,
          hangedman_illusive_loot

Skill      XL: |  1  2  3  4  5  6  7  8  9 10 11 12 13 14 15 |
---------------+----------------------------------------------+-----
Dodging        | 11 12 13 14 | 14.6
Poison Magic   | 2 3 4 5 6 7 8 9 |  9.2
Invocations    | 1 2 3 4 5 6 7 8 9 10 11 | 11.6
Fighting       | 1 2 3 4 5 6 7 8 9 10 | 10.6
Short Blades   | 1 2 3 4 5 6 7 8 9 10 | 10.6
Long Blades    | 1 2 3 4 5 6 7 8 9 10 | 10.6
Axes           | 1 2 3 4 5 6 7 8 9 10 | 10.6
Maces & Flails | 1 2 3 4 5 6 7 8 9 10 | 10.6
Polearms       | 1 2 3 4 5 6 7 8 9 10 | 10.6
Staves         | 1 2 3 4 5 6 7 8 9 10 11 | 11.1
Ranged Weapons | 1 2 3 4 5 6 7 8 9 10 | 10.6
Stealth        | 1 2 3 4 5 6 7 8 9 10 | 10.6
Shields        | 1 2 3 4 5 6 7 8 9 10 | 10.6
Unarmed Combat | 1 2 3 4 5 6 7 8 9 10 | 10.6
Spellcasting   | 3 4 5 6 7 8 9 10 11 | 11.0
Conjurations   | 1 2 3 4 5 6 7 8 9 |  9.0
Hexes          | 1 2 3 4 5 6 7 8 9 |  9.0
Summonings     | 1 2 3 4 5 6 7 8 9 |  9.0
Necromancy     | 1 2 3 4 5 6 7 8 9 |  9.0
Translocations | 1 2 3 4 5 6 7 8 9 |  9.0
Transmutations | 1 2 3 4 5 6 7 8 9 |  9.0
Fire Magic     | 1 2 3 4 5 6 7 8 9 |  9.0
Ice Magic      | 1 2 3 4 5 6 7 8 9 |  9.0
Air Magic      | 1 2 3 4 5 6 7 8 9 |  9.0
Earth Magic    | 1 2 3 4 5 6 7 8 9 |  9.0
Throwing       | 3 4 5 6 7 8 9 10 11 | 11.0
Armour         | 3 4 5 6 7 8 9 10 11 | 11.0
Evocations     | 3 4 5 6 7 8 9 10 11 | 11.0

Action                   |  1- 3 |  4- 6 |  7- 9 | 10-12 | 13-15 || total
-------------------------+-------+-------+-------+-------+-------++-------
Melee: Dagger            |    23 |       |       |       |       ||    23
       Bite              |     5 |     1 |       |       |     1 ||     7
       Rapier            |    27 |    38 |       |       |       ||    65
       Punch             |       |     2 |       |       |       ||     2
       Longbow           |       |       |       |       |     2 ||     2
 Fire: Shortbow          |       |     7 |   163 |   634 |  1084 ||  1888
       Longbow           |       |       |       |       |   336 ||   336
 Cast: Sting             |    44 |     8 |    79 |   292 |    72 ||   495
       Foxfire           |     7 |   106 |   160 |   342 |     2 ||   617
       Summon Lightning  |       |       |       |    10 |    20 ||    30
       Swiftness         |       |       |       |     1 |     1 ||     2
Invok: Draw Destruction  |       |       |       |     7 |    28 ||    35
       Draw Summoning    |       |       |       |     3 |     9 ||    12
       Deal Four         |       |       |       |       |     8 ||     8
       Draw Escape       |       |       |       |       |     6 ||     6
 Abil: Evoke Blink       |       |       |       |       |     1 ||     1
Evoke: Phantom mirror    |       |       |       |       |     1 ||     1
  Use: Scroll            |       |     1 |     1 |    20 |    19 ||    41
       Potion            |       |       |       |     2 |     8 ||    10
Armor: Leather armour    |    25 |    20 |    48 |   277 |   135 ||   505
       Chain mail        |       |       |       |       |   429 ||   429
Dodge: Dodged            |    49 |    62 |   257 |   989 |  1157 ||  2514
